 Dungeon Crawl Stone Soup version 0.27.1-34-g3ba077fa99 (webtiles) character file.

Game seed: 4236794459535280291

70 cbfl8 the Sneak (level 4, -1/40 HPs)
             Began as a Minotaur Delver on Jan 20, 2022.
             Succumbed to a water moccasin's poison
             ... on level 5 of the Dungeon.
             The game lasted 00:01:02 (512 turns).

cbfl8 the Sneak (Minotaur Delver)                    Turns: 512, Time: 00:01:03

Health: -1/40      AC:  3    Str: 16    XL:     4   Next: 4%
Magic:  3/3        EV: 12    Int:  8    God:
Gold:   0          SH:  0    Dex: 12    Spells: 3/3 levels left

rFire    . . .     SeeInvis .   a - +0 hand axe
rCold    . . .     Faith    .   (no shield)
rNeg     . . .     Spirit   .   b - +0 leather armour
rPois    .         Reflect  .   (helmet restricted)
rElec    .         Harm     .   (no cloak)
rCorr    .         Rampage  .   (no gloves)
Will     .....                  (no boots)
Stlth    +++.......             (no amulet)
HPRegen  0.13/turn              (no ring)
MPRegen  0.08/turn              (no ring)

@: lethally poisoned (-1 -> -17)
A: horns 2, retaliatory headbutt
a: no special abilities


You were on level 5 of the Dungeon.
You visited 1 branch of the dungeon, and saw 1 of its levels.

Inventory:

Hand Weapons
 a - a +0 hand axe (weapon)
Armour
 b - a +0 leather armour (worn)
 h - a +0 helmet
Wands
 g - a wand of digging (3)
Scrolls
 c - a scroll of fog
 d - a scroll of magic mapping
 e - a scroll of fear
Potions
 f - a potion of haste


   Skills:
 + Level 4.1 Fighting
 + Level 2.8 Axes
 + Level 0.3 Armour
 + Level 2.3 Dodging
 + Level 5.0 Stealth


You had 3 spell levels left.
You didn't know any spells.
Your spell library contained the following spells:

 Spells                   Type           Power      Damage    Failure   Level
 Gell's Gravitas          Tloc           0%         N/A       85%         3
 Lesser Beckoning         Tloc           0%         N/A       85%         3
 Teleport Other           Tloc           0%         N/A       85%         3


Dungeon Overview and Level Annotations

Branches:
Dungeon (5/15)
 Temple: D:4-7

Altars:


Innate Abilities, Weirdness & Mutations

You have a pair of horns on your head.
You reflexively headbutt those who attack you in melee.


Message History

You feel agile.
You start resting.
A water moccasin is nearby!
A water moccasin is nearby!
You see here a book of Displacement.
You pick up a book of Displacement and begin reading...
You add the spells Lesser Beckoning, Gell's Gravitas and Teleport Other to your library.
You start resting.
A water moccasin is nearby!
You open the door.
Found a flail.
Found a dagger and 14 gold pieces.
The water moccasin hisses angrily.
The water moccasin bites you.
There is an open door, spattered with blood here.
You hit the water moccasin but do no damage.
The water moccasin bites you but does no damage.
You barely miss the water moccasin. You headbutt the water moccasin.
The water moccasin is lightly wounded.
The water moccasin bites you. x2
You hit the water moccasin.
The water moccasin is moderately wounded.
The water moccasin bites you!
* * * LOW HITPOINT WARNING * * *
You closely miss the water moccasin.
The water moccasin is moderately wounded.
The water moccasin bites you.
* * * LOW HITPOINT WARNING * * *
The water moccasin bites you!
* * * LOW HITPOINT WARNING * * *
You are lethally poisoned!
The water moccasin poisons you!
Unknown command.
Unknown command.
Unknown command.
Unknown command.
You miss the water moccasin.
You headbutt the water moccasin, but do no damage.
The water moccasin is moderately wounded.
You die...

.....'.. ..#....
....#.....#.... ###+##
#..# #..#####'
#....###..####..###...
#.....................
#.....................
#.....................
#....S###..)##..###'##
#####@# #...##..###...
.......)..#.............
.)........#.............
..........#.............
..........#.............
.$........#.............
..........#.............
..........#.............
###+######..#.


You could see a water moccasin.

Vanquished Creatures
  A scorpion (D:5)
  A white imp (D:5)
  An orc (D:5)
3 creatures vanquished.

Notes
Turn   | Place    | Note
-------+----------+-------------------------------------------
     0 | D:5      | cbfl8 the Minotaur Delver began the quest for the Orb.
     0 | D:5      | Reached XP level 1. HP: 19/19 MP: 0/0
    30 | D:5      | Reached XP level 2. HP: 7/27 MP: 1/1
   291 | D:5      | Noticed a water moccasin
   324 | D:5      | Noticed a scorpion
   339 | D:5      | Killed a scorpion
   340 | D:5      | Reached skill level 5 in Stealth
   340 | D:5      | Reached XP level 3. HP: 7/33 MP: 2/2
   340 | D:5      | Reached XP level 4. HP: 8/40 MP: 3/3
   512 | D:5      | Succumbed to a water moccasin's poison

Illustrated notes

Levels and vault maps discovered:
D:5:      layout_gridville, lemuel_doored_altar

Skill      XL: |  1  2 |
---------------+-------+-----
Fighting       | 4 |  4.1
Stealth        | 5 |  5.0
Axes           | |  2.8
Armour         | |  0.3
Dodging        | |  2.3

Action                   |  1- 3 |  4- 6 || total
-------------------------+-------+-------++-------
Melee: Hand axe          |    18 |     5 ||    23
       Headbutt          |       |     2 ||     2
Armor: Leather armour    |     2 |     1 ||     3
Dodge: Dodged            |    12 |       ||    12
